[Event "January 9 Early 2024"]
[Site "https://www.chess.com"]
[Date "2024.01.11"]
[Round "1"]
[White "Stepanencu, Nicodim-Cosmin"]
[Black "Yonal, Timur"]
[Result "0-1"]
[Board "249"]
[TimeControl "180+1"]
[WhiteFideId "1256220"]
[BlackFideId "44115725"]
[WhiteElo "2584"]
[BlackElo "2263"]
[WhiteTeam "ROU"]
[BlackTeam "TUR"]
[WhiteClock "0:00:02"]
[BlackClock "0:00:17"]

1. e4 c5 2. Nc3 Nc6 3. g3 g6 4. Bg2 Bg7 5. Nge2 e6 6. d3 Nge7 7. Be3 d6 8. Qd2 Rb8 9. Bh6 Bf6 10. h4 b5 11. h5 b4 12. Nd1 a5 13. Bg5 Ng8 14. Bxf6 Qxf6 15. f4 Bd7 16. a3 Nge7 17. axb4 axb4 18. O-O O-O 19. Ne3 Ra8 20. Nc4 d5 21. Rxa8 Rxa8 22. Nb6 Ra7 23. c3 Na5 24. cxb4 cxb4 25. e5 Qg7 26. Qxb4 Nac6 27. Qd6 Be8 28. Rc1 Qf8 29. b4 Rb7 30. Qc5 Nf5 31. hxg6 hxg6 32. Kf2 Nxb4 33. Qxf8+ Kxf8 34. Rb1 Rxb6 35. Kg1 Rb8 36. g4 Ne7 37. Bf3 Nbc6 38. Rd1 Rb2 39. Kf2 Bd7 40. Ke3 Nc8 41. Rh1 Ke7 42. Rh8 Nb6 43. f5 gxf5 44. gxf5 exf5 45. Nf4 d4# 0-1

[Event "January 9 Early 2024"]
[Site "https://www.chess.com"]
[Date "2024.01.11"]
[Round "1"]
[White "Ljukin, Sergei"]
[Black "Santos, Isaque Goncalves"]
[Result "1-0"]
[Board "250"]
[TimeControl "180+1"]
[WhiteFideId "14102200"]
[BlackFideId "2103885"]
[WhiteElo "2539"]
[BlackElo "1823"]
[WhiteTeam "UKR"]
[BlackTeam "BRA"]
[WhiteClock "0:00:03"]
[BlackClock "0:00:10"]

1. e4 e6 2. d4 d5 3. Nc3 Bb4 4. e5 Qd7 5. Qg4 f5 6. Qg3 b6 7. Nh3 h6 8. Nf4 g5 9. Nh5 Ba6 10. Bxa6 Nxa6 11. h4 Qf7 12. hxg5 hxg5 13. Nf6+ Qxf6 14. exf6 Rxh1+ 15. Ke2 Nxf6 16. Qxg5 Kf7 17. a3 Rg8 18. Qe3 Bxc3 19. bxc3 Ne4 20. g3 Rh2 21. Bb2 Rxf2+ 22. Qxf2 Nxf2 23. Kxf2 c5 24. a4 c4 25. a5 b5 26. Kf3 Nc7 27. Rh1 a6 28. Ba3 Kg7 29. Bd6 Ne8 30. Be5+ Nf6 31. Kf4 Kg6 32. Kf3 Ng4 33. Bf4 Rg7 34. Re1 Kf7 35. Rh1 Nf6 36. Rh8 Rg8 37. Rh6 Kg7 38. Rh1 Rh8 39. Re1 Kf7 40. Be5 Rh6 41. Kg2 Ne4 42. Rf1 Rg6 43. Kf3 Ke7 44. Rh1 Kd7 45. Rh7+ Kc6 46. Rc7# 1-0

[Event "January 9 Early 2024"]
[Site "https://www.chess.com"]
[Date "2024.01.11"]
[Round "1"]
[White "Semenenko, Dmytry"]
[Black "Rosen, Eric"]
[Result "0-1"]
[Board "251"]
[TimeControl "180+1"]
[WhiteFideId "14118645"]
[BlackFideId "2032562"]
[WhiteElo "2355"]
[BlackElo "2678"]
[WhiteTeam "UKR"]
[BlackTeam "USA"]
[WhiteClock "0:00:22"]
[BlackClock "0:00:04"]

1. Nf3 d5 2. c4 e6 3. d4 Nf6 4. Nc3 Nbd7 5. Bg5 c6 6. e3 Qa5 7. Bxf6 Nxf6 8. Bd3 Bb4 9. Qc2 dxc4 10. Bxc4 c5 11. O-O cxd4 12. Nxd4 O-O 13. Nb3 Qh5 14. Qe2 Qh4 15. Bd3 b6 16. Qf3 Bd7 17. Ne4 Nxe4 18. Qxe4 Qxe4 19. Bxe4 Rac8 20. Rac1 Rxc1 21. Rxc1 Rc8 22. Rxc8+ Bxc8 23. Nd4 Bd6 24. Nb5 Bb8 25. Nd4 Kf8 26. Nc6 Bb7 27. Bf3 Bxc6 28. Bxc6 Ke7 29. h3 Kd6 30. Be4 f5 31. Bd3 Kc5 32. a3 a5 33. g4 a4 34. gxf5 exf5 35. Bxf5 Be5 36. Bxh7 Bxb2 37. Bc2 b5 38. Kf1 Bxa3 39. Ke2 Kc4 40. Bd3+ Kb4 41. Kd2 Bb2 42. Kc2 Bf6 43. f4 Ka5 44. e4 Bd4 45. e5 b4 46. Bc4 b3+ 47. Kd3 Bc5 48. f5 Kb4 49. h4 a3 50. h5 a2 51. f6 a1=Q 52. f7 Qd4+ 53. Ke2 Qe3+ 54. Kd1 Kc3 0-1

[Event "January 9 Early 2024"]
[Site "https://www.chess.com"]
[Date "2024.01.11"]
[Round "1"]
[White "Starozhilov, Leonid"]
[Black "Mazurkiewicz, Michal"]
[Result "1-0"]
[Board "252"]
[TimeControl "180+1"]
[WhiteFideId "14106752"]
[BlackFideId "1124943"]
[WhiteElo "2779"]
[BlackElo "2433"]
[WhiteTeam "UKR"]
[BlackTeam "POL"]
[WhiteClock "0:00:28"]
[BlackClock "0:00:02"]

1. e4 d6 2. d4 Nf6 3. Nc3 c6 4. g3 b5 5. Bg2 e5 6. a3 Be7 7. Nge2 O-O 8. O-O Re8 9. h3 Nbd7 10. Be3 Bb7 11. Qd2 a5 12. d5 b4 13. axb4 axb4 14. Rxa8 Qxa8 15. dxc6 Bxc6 16. Nd5 Nxd5 17. exd5 Bb5 18. Re1 Rb8 19. Nc1 Nb6 20. Bxb6 Rxb6 21. Qxb4 Qb7 22. Qd2 h6 23. Nb3 Bg5 24. Qc3 Bf6 25. Na5 Qa6 26. Nc6 e4 27. Qa3 Bxc6 28. Qxa6 Rxa6 29. dxc6 Rxc6 30. Bxe4 Rc8 31. c3 Rb8 32. Re2 g6 33. h4 Kg7 34. Kf1 Rb5 35. Ke1 d5 36. Bd3 Rb6 37. Kd1 Rb8 38. Kc2 Rb7 39. Re1 Re7 40. Ra1 Rc7 41. Ra5 d4 42. c4 Be7 43. Rb5 Rc6 44. b4 Rf6 45. f4 g5 46. hxg5 hxg5 47. Rxg5+ Kf8 48. c5 Rh6 49. Rd5 Rh3 50. c6 Rxg3 51. c7 Rg2+ 52. Kb3 1-0

[Event "January 9 Early 2024"]
[Site "https://www.chess.com"]
[Date "2024.01.11"]
[Round "1"]
[White "Kozak, Adam"]
[Black "Saha, Ananda"]
[Result "1-0"]
[Board "253"]
[TimeControl "180+1"]
[WhiteFideId "753246"]
[BlackFideId "2619644"]
[WhiteElo "2901"]
[BlackElo "2481"]
[WhiteTeam "HUN"]
[BlackTeam "CAN"]
[WhiteClock "0:00:06"]
[BlackClock "0:00:04"]

1. e4 e6 2. d4 d5 3. Nc3 Nf6 4. e5 Nfd7 5. f4 c5 6. Be3 Nc6 7. Nf3 a6 8. Qd2 b5 9. Ne2 Be7 10. g3 b4 11. Bh3 g6 12. O-O a5 13. Ng5 O-O 14. g4 cxd4 15. Nxd4 Ndxe5 16. fxe5 Nxd4 17. Nxf7 Rxf7 18. Rxf7 Kxf7 19. Bxd4 Bg5 20. Qf2+ Kg7 21. Rf1 Qe8 22. Be3 Be7 23. g5 Ba6 24. Re1 Qc6 25. Bd4 Rf8 26. Qd2 a4 27. c3 Qc4 28. a3 bxa3 29. bxa3 Rf3 30. Bxe6 Rf1+ 31. Kg2 Bxg5 32. Qxg5 Rxe1 33. Qf6+ Kh6 34. Qh4+ Kg7 35. Qe7+ Kh6 36. Qf8+ Kg5 37. Qf6+ Kh6 38. Qh4+ Kg7 39. Qxe1 Qd3 40. Bg4 h5 41. e6+ Kh6 42. Bf3 Qf5 43. Qe3+ Kh7 44. e7 Bb5 45. e8=Q Qc2+ 46. Kg3 Bxe8 47. Qxe8 Kh6 48. Qh8+ Kg5 49. h4+ 1-0

[Event "January 9 Early 2024"]
[Site "https://www.chess.com"]
[Date "2024.01.11"]
[Round "1"]
[White "Tharushi, T H D Niklesha"]
[Black "Caspi, Israel"]
[Result "0-1"]
[Board "254"]
[TimeControl "180+1"]
[WhiteFideId "9918264"]
[BlackFideId "2807394"]
[WhiteElo "2256"]
[BlackElo "2609"]
[WhiteTeam "SRI"]
[BlackTeam "ISR"]
[WhiteClock "0:00:10"]
[BlackClock "0:00:20"]

1. e4 e5 2. Nf3 Nc6 3. Bc4 Nf6 4. d3 h6 5. c3 d6 6. a4 g5 7. Qb3 Qe7 8. a5 a6 9. h3 Bg7 10. Nbd2 O-O 11. g4 Nd8 12. Nf1 Ne6 13. Ng3 Nf4 14. Bxf4 exf4 15. Nf5 Bxf5 16. gxf5 c6 17. O-O-O Rad8 18. Rhe1 Qc7 19. Qa3 d5 20. Bb3 dxe4 21. dxe4 Rxd1+ 22. Bxd1 Nd7 23. Bb3 Ne5 24. Nxe5 Qxe5 25. f3 Rd8 26. Qb4 Rd7 27. Rd1 Bf8 28. Qb6 Bc5 29. Rxd7 Bxb6 30. axb6 Qb5 31. Bxf7+ Kf8 32. Bh5 Qxb6 33. f6 Qe3+ 34. Kc2 Qb6 35. e5 Kg8 36. f7+ Kg7 37. e6 Qf2+ 38. Kb1 Qf1+ 39. Kc2 Qe2+ 40. Kc1 Qxe6 41. Rxb7 Qxh3 42. Rb8 Qf1+ 43. Kc2 Qe2+ 44. Kb3 Qe6+ 45. Ka3 Qd6+ 46. Ka4 Qxb8 47. b4 Kf8 48. Bg6 Qb5+ 49. Kb3 Qe5 50. Be4 g4 51. Bxc6 g3 0-1

[Event "January 9 Early 2024"]
[Site "https://www.chess.com"]
[Date "2024.01.11"]
[Round "1"]
[White "Shohat, Yotam"]
[Black "Novozhilov, Semen"]
[Result "1-0"]
[Board "255"]
[TimeControl "180+1"]
[WhiteFideId "2813955"]
[BlackFideId "24289167"]
[WhiteElo "2414"]
[BlackElo "2704"]
[WhiteTeam "ISR"]
[BlackTeam "RUS"]
[WhiteClock "0:00:07"]
[BlackClock "0:00:18"]

1. e4 c5 2. Nf3 Nc6 3. Bb5 g6 4. Bxc6 bxc6 5. O-O Bg7 6. Re1 Nh6 7. c3 O-O 8. d4 cxd4 9. cxd4 d5 10. e5 f6 11. h3 Nf7 12. Bf4 Qb6 13. b3 Nd8 14. Nc3 Ne6 15. Bg3 a5 16. Na4 Qa7 17. Rc1 Bd7 18. exf6 exf6 19. Bd6 Rfe8 20. Qd2 h5 21. Nc5 Nxc5 22. Bxc5 Qa6 23. Nh4 Kh7 24. Qc2 f5 25. Nf3 Bh6 26. Rcd1 Re4 27. Ne5 Be8 28. f3 Re3 29. Qf2 f4 30. Qh4 Qb7 31. Kh2 a4 32. b4 a3 33. Rxe3 fxe3 34. Re1 g5 35. Qg3 Qg7 36. Rxe3 g4 37. Re2 Qf6 38. Nd3 Bg6 39. Qc7+ Kg8 40. Be7 Qf7 41. Ne5 Qf4+ 42. g3 Qf5 43. hxg4 hxg4 44. fxg4 Qf7 45. Kg1 Be4 46. Nxf7 Kxf7 47. Bg5+ Kg6 48. Bxh6 Kxh6 49. Rh2+ Kg5 50. Qf4+ Kg6 51. Rh6+ Kg7 52. Qf6+ 1-0

[Event "January 9 Early 2024"]
[Site "https://www.chess.com"]
[Date "2024.01.11"]
[Round "1"]
[White "Kolmagorov, Alexey"]
[Black "Baziuk, Vladyslav"]
[Result "0-1"]
[Board "256"]
[TimeControl "180+1"]
[WhiteFideId "34129402"]
[BlackFideId "34107940"]
[WhiteElo "2370"]
[BlackElo "2705"]
[WhiteTeam "RUS"]
[BlackTeam "UKR"]
[WhiteClock "0:00:01"]
[BlackClock "0:00:15"]

1. d4 Nf6 2. c4 e6 3. g3 c5 4. d5 exd5 5. cxd5 g6 6. Nc3 Bg7 7. Bg2 d6 8. Nf3 O-O 9. O-O a6 10. a4 Re8 11. Re1 Nbd7 12. Bf4 Qe7 13. e4 Ng4 14. Qc2 h6 15. h3 Nge5 16. Nd2 Rb8 17. a5 b5 18. axb6 Rxb6 19. Bf1 g5 20. Be3 Nf6 21. Kg2 Qd7 22. Kh2 Rb4 23. Ra4 Rxa4 24. Nxa4 Ng6 25. Nb6 Qc7 26. Nxc8 Qxc8 27. Qa4 Qb8 28. b3 Ne5 29. Kg2 Re7 30. Ra1 Rb7 31. Qxa6 Qc7 32. f4 gxf4 33. gxf4 Ng6 34. Bd3 Rb4 35. Qa7 Rb7 36. Qa5 Qe7 37. Qa8+ Kh7 38. Qc8 Nh5 39. Qf5 Bxa1 40. Qxh5 Kg7 41. f5 Qh4 42. Qd1 Nf4+ 43. Bxf4 Qxf4 44. Qxa1+ Kh7 45. Qe1 f6 46. Bc4 Rg7+ 47. Kh1 Rg3 48. Bf1 Re3 49. Qd1 Qf2 50. Nc4 Re1 51. Qd3 Rxf1+ 0-1

[Event "January 9 Early 2024"]
[Site "https://www.chess.com"]
[Date "2024.01.11"]
[Round "1"]
[White "Coelho, Ramyres Santana"]
[Black "Cordoba Roa, Angel Gabriel"]
[Result "0-1"]
[Board "257"]
[TimeControl "180+1"]
[WhiteFideId "2120690"]
[BlackFideId "3957624"]
[WhiteElo "2296"]
[BlackElo "2639"]
[WhiteTeam "BRA"]
[BlackTeam "COL"]
[WhiteClock "0:00:04"]
[BlackClock "0:00:17"]

1. e4 e5 2. Nf3 Nc6 3. d4 exd4 4. Bc4 Nf6 5. e5 d5 6. Bb5 Nd7 7. O-O Ndb8 8. Nxd4 Be7 9. Nxc6 bxc6 10. Bd3 O-O 11. f4 a5 12. f5 Bc5+ 13. Kh1 Re8 14. Bf4 Ba6 15. Nd2 Bxd3 16. cxd3 Nd7 17. Nf3 Bf8 18. d4 c5 19. Qd3 Rb8 20. b3 cxd4 21. Qxd4 Nc5 22. Rae1 Ne4 23. h3 Rb4 24. Qa7 Nf2+ 25. Rxf2 Rxf4 26. g4 d4 27. Qxa5 d3 28. Qd2 Rb4 29. Rd1 Qa8 30. Qxd3 Rxe5 31. Kh2 Re8 32. a4 Bd6+ 33. Kg2 Reb8 34. Rb2 Rxa4 35. Re2 Rab4 36. Rb1 h6 37. f6 gxf6 38. Qe3 Rf4 39. Qd3 Re8 40. Rxe8+ Qxe8 41. Rf1 Kg7 42. Re1 Rxf3 43. Qxf3 Qxe1 44. Qd3 Qb4 45. h4 Qxg4+ 46. Kf2 Qxh4+ 47. Ke2 Qg4+ 48. Kd2 h5 49. Qa6 h4 50. Qc8 Qxc8 0-1

[Event "January 9 Early 2024"]
[Site "https://www.chess.com"]
[Date "2024.01.11"]
[Round "1"]
[White "Rose, Felix"]
[Black "Kashefi, Amir Hosein"]
[Result "0-1"]
[Board "258"]
[TimeControl "180+1"]
[WhiteFideId "5105722"]
[BlackFideId "12557935"]
[WhiteElo "2247"]
[BlackElo "2608"]
[WhiteTeam "MEX"]
[BlackTeam "IRI"]
[WhiteClock "0:00:01"]
[BlackClock "0:00:02"]

1. e4 c6 2. d4 d5 3. e5 Bf5 4. h4 h5 5. Bd3 Bxd3 6. Qxd3 e6 7. Bg5 Qa5+ 8. Nd2 Qa6 9. c4 Bb4 10. b3 Ne7 11. Nf3 Nd7 12. O-O Nf5 13. Qc2 O-O 14. a3 Bxd2 15. Bxd2 dxc4 16. bxc4 Nb6 17. Rfc1 Rad8 18. Be3 Rd7 19. a4 Nc8 20. c5 Nce7 21. Ng5 Rfd8 22. Rd1 Ng6 23. g3 Nxd4 24. Bxd4 Rxd4 25. Rxd4 Rxd4 26. Nxe6 Rd7 27. Ng5 Qd3 28. Qb2 Qf5 29. Re1 Ne7 30. e6 fxe6 31. Nxe6 Nd5 32. Re5 Qf6 33. Qe2 Re7 34. Kg2 Nc7 35. Nxc7 Rxe5 36. Qd2 Re7 37. Qd8+ Kh7 38. Qd3+ Qg6 0-1

[Event "January 9 Early 2024"]
[Site "https://www.chess.com"]
[Date "2024.01.11"]
[Round "1"]
[White "Manukian, Artak"]
[Black "Galchenko, Matvey"]
[Result "0-1"]
[Board "259"]
[TimeControl "180+1"]
[WhiteFideId "13301373"]
[BlackFideId "24175480"]
[WhiteElo "2477"]
[BlackElo "2893"]
[WhiteTeam "ARM"]
[BlackTeam "FID"]
[WhiteClock "0:00:01"]
[BlackClock "0:00:04"]

1. e4 e6 2. d4 d5 3. e5 c5 4. c3 Qb6 5. Nf3 Nc6 6. a3 Nh6 7. b4 cxd4 8. cxd4 Nf5 9. Bb2 Bd7 10. g4 Nfe7 11. Nc3 Na5 12. Na4 Qc6 13. bxa5 Qxa4 14. Qxa4 Bxa4 15. Bd3 Rc8 16. Kd2 h5 17. g5 Nc6 18. Bc3 Be7 19. Rhb1 Rc7 20. h4 Kd7 21. Bb4 a6 22. Rb2 Rhc8 23. Rc1 g6 24. Ke3 Na7 25. Rxc7+ Rxc7 26. Kd2 Bb5 27. Bc2 Bc4 28. Ba4+ Nb5 29. Bxb5+ Bxb5 30. Rc2 Bc6 31. Ne1 Rc8 32. Nd3 Re8 33. Nc5+ Kc7 34. Nd3 Bf8 35. Bxf8 Rxf8 36. Nc5 Rb8 37. Rb2 Bb5 38. a4 Bc6 39. Rb3 Ra8 40. Rf3 Be8 41. Kc2 b6 42. axb6+ Kxb6 43. Rb3+ Kc7 44. Rb7+ Kc6 45. a5 Rc8 46. Rb6+ Kc7 0-1

[Event "January 9 Early 2024"]
[Site "https://www.chess.com"]
[Date "2024.01.11"]
[Round "1"]
[White "Ingebretsen, Jens E"]
[Black "Llari, Marc"]
[Result "0-1"]
[Board "260"]
[TimeControl "180+1"]
[WhiteFideId "1522965"]
[BlackFideId "651044269"]
[WhiteElo "2613"]
[BlackElo "2305"]
[WhiteTeam "NOR"]
[BlackTeam "FRA"]
[WhiteClock "0:00:29"]
[BlackClock "0:00:40"]

1. g3 c6 2. Bg2 d5 3. Nf3 Nf6 4. O-O Bf5 5. d3 Nbd7 6. Nbd2 e5 7. Re1 Bc5 8. e4 dxe4 9. dxe4 Be6 10. Nb3 Bb6 11. Be3 Bxe3 12. Rxe3 Qc7 13. Ng5 Bxb3 14. axb3 h6 15. Nf3 O-O 16. Nh4 Rfd8 17. Qe2 Nc5 18. Nf5 Ne6 19. c3 Kh7 20. b4 g6 21. Nh4 Kg7 22. Bh3 Ng5 23. Bg2 h5 24. h3 a5 25. bxa5 Rxa5 26. Rxa5 Qxa5 27. f4 exf4 28. gxf4 Ne6 29. Qf2 Rd1+ 30. Kh2 Qc7 31. e5 Nd5 32. Bxd5 Rxd5 33. Rg3 Qd8 34. f5 Rd2 35. f6+ Kh7 36. Rg2 Rxf2 37. Rxf2 Ng5 38. Ng2 Qd5 39. Re2 Ne6 40. Kg3 Qd3+ 41. Re3 Qf5 42. Re2 Qg5+ 43. Kf2 Nf4 44. Nxf4 Qxf4+ 45. Ke1 Qf5 46. Re3 Qe6 47. Kf2 g5 48. Kg3 Kg6 49. Kf2 h4 50. Ke2 Kf5 51. Kf3 Qxe5 52. Rxe5+ Kxe5 53. Kg4 Kxf6 54. Kh5 Kf5 55. c4 f6 56. b4 Kf4 57. Kg6 f5 58. Kf6 g4 59. hxg4 fxg4 60. Ke6 g3 61. Kd7 g2 62. Kc7 g1=Q 63. Kxb7 Qd4 64. c5 Qc4 65. Kxc6 Qxb4 66. Kd6 Qxc5+ 67. Kxc5 h3 68. Kd4 h2 69. Kd5 h1=Q+ 70. Ke6 Qe4+ 71. Kf6 Qf5+ 72. Kg7 Ke5 73. Kh8 Qf6+ 74. Kh7 Ke6 75. Kg8 Qe7 76. Kh8 Kf6 77. Kg8 Qg7# 0-1

[Event "January 9 Early 2024"]
[Site "https://www.chess.com"]
[Date "2024.01.11"]
[Round "1"]
[White "Wendt, Jan-Dietrich"]
[Black "Piesik, Piotr"]
[Result "0-1"]
[Board "261"]
[TimeControl "180+1"]
[WhiteFideId "4623797"]
[BlackFideId "1136194"]
[WhiteElo "2357"]
[BlackElo "2682"]
[WhiteTeam "GER"]
[BlackTeam "CZE"]
[WhiteClock "0:00:10"]
[BlackClock "0:00:12"]

1. Nf3 d5 2. c4 c6 3. e3 Nf6 4. Nc3 a6 5. b3 Bf5 6. Bb2 e6 7. Be2 Nbd7 8. O-O Bd6 9. Nh4 Bg6 10. h3 b5 11. Rc1 Rc8 12. d3 Qa5 13. a3 Bb8 14. f4 Qb6 15. Qd2 Ba7 16. Rf3 Nc5 17. Nxg6 hxg6 18. Bd1 bxc4 19. bxc4 Nb3 20. Bxb3 Qxb3 21. Ne2 O-O 22. c5 Rb8 23. Bxf6 gxf6 24. d4 Qxa3 25. e4 Qb2 26. Rc2 Qb1+ 27. Rf1 Qb4 28. e5 Qxd2 29. Rxd2 fxe5 30. fxe5 Rb4 31. h4 a5 32. Ra1 a4 33. Rda2 Rfb8 34. Rxa4 Rxa4 35. Rxa4 Rb7 36. Kf2 Kf8 37. g4 Ke7 38. h5 gxh5 39. gxh5 f6 40. exf6+ Kxf6 41. Ra3 e5 42. Rf3+ Ke6 43. dxe5 Bxc5+ 44. Kg3 Rg7+ 45. Kh4 Kxe5 46. Nf4 Be7+ 47. Kh3 Bg5 48. Ng6+ Ke4 49. Rf8 Be3 50. Kg4 d4 51. Rf6 c5 52. h6 Bxh6 53. Rc6 Kd5 54. Kh5 Kxc6 55. Kxh6 Rxg6+ 56. Kxg6 d3 0-1

[Event "January 9 Early 2024"]
[Site "https://www.chess.com"]
[Date "2024.01.11"]
[Round "1"]
[White "Klukin, Kirill"]
[Black "Lopusiewicz, Piotr"]
[Result "0-1"]
[Board "262"]
[TimeControl "180+1"]
[WhiteFideId "24199273"]
[BlackFideId "1116029"]
[WhiteElo "2828"]
[BlackElo "2475"]
[WhiteTeam "RUS"]
[BlackTeam "POL"]
[WhiteClock "0:00:09"]
[BlackClock "0:00:11"]

1. e4 e5 2. Nf3 Nc6 3. d4 exd4 4. Nxd4 Nf6 5. Nxc6 bxc6 6. e5 Qe7 7. Qe2 Nd5 8. c4 Nb6 9. b3 Qe6 10. g3 a5 11. a4 Bb7 12. Bg2 d5 13. exd6 Qxe2+ 14. Kxe2 cxd6 15. Be3 Nd7 16. Nc3 O-O-O 17. Rad1 Be7 18. Rhe1 Rhe8 19. Ne4 d5 20. cxd5 cxd5 21. Nc3 Ba6+ 22. Nb5 Bb4 23. Rc1+ Kb8 24. Red1 Nc5 25. Kf1 Nxb3 26. Bf4+ Bd6 27. Bxd6+ Rxd6 28. Rb1 Nc5 29. Kg1 Rb6 30. Bxd5 Nxa4 31. Nd6 Rd8 32. Nxf7 Rxd5 33. Rxb6+ Nxb6 34. Rb1 Ka7 35. h4 a4 36. Ng5 Bb7 37. Ne4 Re5 38. Nc3 Bc6 39. g4 Rc5 40. Na2 a3 41. Nb4 Bb7 42. Ra1 Ra5 43. Nc2 a2 44. Nb4 Bd5 45. Kf1 Bc4+ 46. Ke1 Nd5 47. Nc2 Kb6 48. Kd2 Kc5 49. Kc1 Nb4 50. Ne3 Be6 51. Kb2 Nd3+ 52. Kc3 Nxf2 53. g5 Ne4+ 54. Kd3 Nd6 55. Rc1+ Nc4 56. Rc2 a1=Q 57. Nxc4 Qd4+ 0-1

[Event "January 9 Early 2024"]
[Site "https://www.chess.com"]
[Date "2024.01.11"]
[Round "1"]
[White "Tristan, Leonardo"]
[Black "Szyszylo, Rafal"]
[Result "1-0"]
[Board "263"]
[TimeControl "180+1"]
[WhiteFideId "113816"]
[BlackFideId "1109626"]
[WhiteElo "2733"]
[BlackElo "2404"]
[WhiteTeam "ARG"]
[BlackTeam "POL"]
[WhiteClock "0:00:05"]
[BlackClock "0:00:03"]

1. d4 d6 2. e4 Nf6 3. Nc3 g6 4. Nf3 Bg7 5. Be2 O-O 6. O-O Bg4 7. h3 Bxf3 8. Bxf3 e5 9. dxe5 dxe5 10. Be3 c6 11. a4 Qe7 12. a5 Na6 13. Qe2 Rfd8 14. Qc4 Bf8 15. Be2 Nc5 16. Rfd1 a6 17. Bf1 h6 18. g3 Kg7 19. Bg2 Rd7 20. Rxd7 Nfxd7 21. Ne2 Ne6 22. c3 Rd8 23. b4 Nf6 24. Re1 Nc7 25. Bb6 Rd7 26. Nc1 Nb5 27. Nb3 Qe8 28. Nc5 Bxc5 29. Bxc5 Qd8 30. Bb6 Qe7 31. f4 Nh5 32. f5 Nxg3 33. Bc5 Qg5 34. Be3 Qh4 35. Bf2 Qg5 36. Be3 Qh4 37. Bf2 Qg5 38. Qc5 Rd2 39. Qxe5+ Kh7 40. Qxg3 Qxg3 41. Bxg3 Nxc3 42. fxg6+ Kxg6 43. Kh2 Rb2 44. Re3 Nb5 45. Be1 Rb1 46. Kg3 Rb2 47. Bf3 f6 48. h4 h5 49. e5 f5 50. e6 1-0

[Event "January 9 Early 2024"]
[Site "https://www.chess.com"]
[Date "2024.01.11"]
[Round "1"]
[White "Vincenti, Leonardo"]
[Black "Leyva Proenza, Richard"]
[Result "0-1"]
[Board "264"]
[TimeControl "180+1"]
[WhiteFideId "28550820"]
[BlackFideId "3500985"]
[WhiteElo "2188"]
[BlackElo "2580"]
[WhiteTeam "ITA"]
[BlackTeam "VEN"]
[WhiteClock "0:00:01"]
[BlackClock "0:00:09"]

1. e4 e5 2. Nf3 Nc6 3. d4 exd4 4. Nxd4 Bc5 5. Be3 Qf6 6. c3 Qg6 7. Nb5 Bxe3 8. Nxc7+ Kd8 9. Nxa8 Bf4 10. Qf3 Bb8 11. Nd2 Nf6 12. O-O-O Re8 13. Bd3 Qg4 14. Nc4 Qxf3 15. gxf3 Ne5 16. Nxe5 Bxe5 17. Bc4 Re7 18. a4 b6 19. a5 bxa5 20. Bd5 d6 21. Kc2 Nxd5 22. Rxd5 Bb7 23. Rxa5 Bxa8 24. Rha1 Bxh2 25. Rxa7 Bb7 26. Rh1 Be5 27. Ra3 h6 28. Rg1 h5 29. Rh1 g6 30. Rb3 Kc7 31. Ra3 f5 32. Ra4 fxe4 33. fxe4 Rf7 34. Rf1 h4 35. f3 h3 36. Rc4+ Kd7 37. b4 h2 38. Rh1 Rxf3 39. b5 Rf2+ 40. Kd1 Rg2 41. Ke1 Rg1+ 42. Kf2 Rxh1 43. Ra4 Rb1 44. Ra7 Rxb5 45. Kg2 Rb1 46. Rxb7+ Rxb7 47. c4 Rb2+ 48. Kf3 h1=Q+ 49. Ke3 Qe1+ 50. Kf3 Rf2+ 51. Kg4 Qg1+ 52. Kh3 Rh2# 0-1

[Event "January 9 Early 2024"]
[Site "https://www.chess.com"]
[Date "2024.01.11"]
[Round "1"]
[White "Anton Guijarro, David"]
[Black "Erzhanov, Arman"]
[Result "1-0"]
[Board "265"]
[TimeControl "180+1"]
[WhiteFideId "2285525"]
[BlackFideId "4138821"]
[WhiteElo "2997"]
[BlackElo "2513"]
[WhiteTeam "ESP"]
[BlackTeam "KAZ"]
[WhiteClock "0:00:02"]
[BlackClock "0:00:16"]

1. Nf3 d5 2. b3 Bf5 3. Nh4 Bd7 4. Nf3 Bf5 5. Bb2 e6 6. d3 h6 7. Nbd2 Bh7 8. e4 Nf6 9. e5 Ng8 10. d4 Ne7 11. Bd3 Bxd3 12. cxd3 Ng6 13. g3 h5 14. h4 Ne7 15. Nf1 g6 16. Ba3 Bh6 17. Ne3 Nbc6 18. O-O Kf8 19. Rc1 Kg7 20. Rc2 a5 21. Bc5 b6 22. Bxe7 Nxe7 23. Qc1 c6 24. Qb2 Qd7 25. a4 Rhc8 26. Rfc1 Qb7 27. Kg2 Qa6 28. Rd1 Rc7 29. Qa3 Rac8 30. Qd6 Bxe3 31. g4 hxg4 32. Nh2 Nf5 33. Qa3 Nxh4+ 34. Kf1 Bxd4 35. Nxg4 Bc5 36. Qc1 Nf5 37. Rxc5 bxc5 38. Qg5 Qa8 39. Qf6+ Kf8 40. Kg2 Ng7 41. Rh1 Nh5 42. Rxh5 gxh5 43. Qh6+ Ke7 44. Qg5+ Kf8 45. Qh6+ Ke8 46. Nf6+ Ke7 47. Qg5 Kf8 48. Nh7+ Ke8 49. Nf6+ Kf8 50. Nh7+ Ke8 51. Nf6+ Ke7 52. Nxd5+ Kf8 53. Qh6+ Kg8 54. Nf6# 1-0

[Event "January 9 Early 2024"]
[Site "https://www.chess.com"]
[Date "2024.01.11"]
[Round "1"]
[White "Levitan, Tal"]
[Black "Drygalov, Sergey"]
[Result "1/2-1/2"]
[Board "266"]
[TimeControl "180+1"]
[WhiteFideId "2804603"]
[BlackFideId "24171743"]
[WhiteElo "2515"]
[BlackElo "2936"]
[WhiteTeam "ISR"]
[BlackTeam "RUS"]
[WhiteClock "0:00:09"]
[BlackClock "0:00:01"]

1. e4 c5 2. c3 d6 3. d4 Nf6 4. Bd3 Nc6 5. Nf3 Bg4 6. d5 Ne5 7. Nxe5 dxe5 8. Be2 Bxe2 9. Qxe2 g6 10. O-O Bg7 11. c4 O-O 12. Nc3 Ne8 13. f4 Nd6 14. f5 a6 15. Be3 Qc7 16. Bg5 b5 17. cxb5 axb5 18. Nxb5 Nxb5 19. Qxb5 c4 20. Rfc1 Rfc8 21. Qb4 gxf5 22. exf5 e4 23. Qxe7 Qb6+ 24. Kh1 Ra7 25. Qxe4 Qxb2 26. Rab1 Qe5 27. Qxe5 Bxe5 28. f6 Rxa2 29. Re1 Bd6 30. Rbc1 c3 31. Bh6 c2 32. Re4 Bf8 33. Rg4+ Kh8 34. Bxf8 Rxf8 35. Rc4 Ra5 36. R1xc2 Rxd5 37. h3 h6 38. Rc8 Rxc8 39. Rxc8+ Kh7 40. Rc6 Kg6 41. g4 Kg5 42. Kg2 Rd3 43. Kh2 Kh4 44. Rc7 Rxh3+ 45. Kg2 Rg3+ 46. Kh2 Rxg4 47. Rxf7 Rf4 48. Rf8 h5 49. Kg2 Rf5 50. f7 Rf4 51. Kg1 Kh3 52. Rh8 Rxf7 53. Rxh5+ Kg3 1/2-1/2

[Event "January 9 Early 2024"]
[Site "https://www.chess.com"]
[Date "2024.01.11"]
[Round "1"]
[White "Matthes, Aaron"]
[Black "Csonka, Balazs"]
[Result "0-1"]
[Board "267"]
[TimeControl "180+1"]
[WhiteFideId "16227310"]
[BlackFideId "742910"]
[WhiteElo "2378"]
[BlackElo "2708"]
[WhiteTeam "GER"]
[BlackTeam "HUN"]
[WhiteClock "0:00:04"]
[BlackClock "0:00:03"]

1. Nf3 d5 2. g3 b6 3. Bg2 Bb7 4. O-O e6 5. b3 Nd7 6. Bb2 Ngf6 7. d4 Bd6 8. Nbd2 O-O 9. c4 Ne4 10. e3 f5 11. Qc2 Rc8 12. Nxe4 fxe4 13. Nd2 c5 14. dxc5 Nxc5 15. Rad1 Nd3 16. Ba1 Qg5 17. Qc3 Be5 18. Qc2 Bxa1 19. Rxa1 Rf7 20. Qc3 Rcf8 21. cxd5 exd5 22. f4 exf3 23. Qxd3 fxg2 24. Kxg2 d4+ 25. e4 Qe3 26. Qxe3 dxe3 27. Rxf7 Rxf7 28. Nc4 Bxe4+ 29. Kg1 e2 30. Re1 Bd3 31. Ne3 Rf3 32. Nc2 Bxc2 33. Rxe2 Bf5 34. Re7 Bh3 35. Re8+ Kf7 36. Re1 Kf6 37. Rc1 h5 38. Rd1 Kg5 39. Rd5+ Kh6 40. Rd6+ g6 41. Rd1 Kg7 42. Re1 Kf6 43. b4 a6 44. Rb1 Ke5 45. Ra1 Kd4 46. a3 Kc3 47. Re1 Kb3 48. Ra1 b5 49. Re1 Kxa3 50. g4 hxg4 51. Ra1+ Kxb4 52. Ra4+ bxa4 53. Kh1 Rf1# 0-1

[Event "January 9 Early 2024"]
[Site "https://www.chess.com"]
[Date "2024.01.11"]
[Round "1"]
[White "Cruz, William Ferreira Da"]
[Black "Feuerstack, Aljoscha"]
[Result "1-0"]
[Board "268"]
[TimeControl "180+1"]
[WhiteFideId "2118050"]
[BlackFideId "4681932"]
[WhiteElo "2314"]
[BlackElo "2626"]
[WhiteTeam "BRA"]
[BlackTeam "GER"]
[WhiteClock "0:00:06"]
[BlackClock "0:00:06"]

1. d4 d5 2. c4 c6 3. Nc3 Nf6 4. Nf3 g6 5. cxd5 cxd5 6. Bf4 Bg7 7. h3 O-O 8. e3 Nc6 9. Bd3 b6 10. O-O Bb7 11. Qe2 Nb4 12. Bb5 a6 13. Ba4 b5 14. Bb3 Nc6 15. Rfc1 Rc8 16. a4 Na5 17. Bc2 b4 18. Nd1 Qb6 19. Ne5 Rfd8 20. Nd3 b3 21. Bb1 Rxc1 22. Nxc1 Ne4 23. f3 Nd6 24. Nc3 Ndc4 25. Nd3 Rc8 26. Nc5 Bc6 27. Bg3 e5 28. Bf2 Nxe3 29. Bxe3 exd4 30. Qxa6 Qxa6 31. Nxa6 dxe3 32. Bd3 Nc4 33. Bxc4 dxc4 34. Nb4 Ba8 35. Nbd5 Bd4 36. Ne7+ Kf8 37. Nxc8 Bb7 38. Nd6 Ba6 39. Ndb5 Bc5 40. Kf1 f5 41. Ke2 f4 42. Nc7 Bc8 43. a5 Bd6 44. N7b5 Be5 45. a6 Bf5 46. a7 Bd3+ 47. Ke1 Bf6 48. a8=Q+ Kg7 49. Ra7+ Kh6 50. Qf8+ Kg5 51. h4+ Kf5 52. Nd6+ Ke5 53. Ra5+ Ke6 54. Qf7+ Kxd6 55. Qxf6+ 1-0